 Dungeon Crawl Stone Soup version 0.31-a0-1074-g0b22e4e0f1 (webtiles) character file.

Game seed: 8782006077716064754

77 grandjackal the Trooper (level 4, 0/48 HPs)
             Began as an Ogre Warper on Dec 2, 2023.
             Slain by a phantom (4 damage)
             ... on level 4 of the Dungeon.
             The game lasted 00:02:26 (2019 turns).

grandjackal the Trooper (Ogre Warper)               Turns: 2019, Time: 00:02:27

Health: 0/48       AC:  3    Str: 15    XL:     4   Next: 34%
Magic:  3/7        EV:  9    Int: 16    God:
Gold:   64         SH:  0    Dex:  8    Spells: 5/7 levels left

rFire   . . .        a - +0 mace
rCold   . . .        (no shield)
rNeg    . . .        b - +0 robe
rPois   .            (helmet restricted)
rElec   .            (no cloak)
rCorr   .            (gloves unavailable)
SInv    .            (boots unavailable)
Will    .....        (no amulet)
Stlth   +            h - ring of flight
HPRegen 0.28/turn    (no ring)
MPRegen 0.10/turn

%: no passive effects
@: flying
A: large, unfitting armour, tough skin 1
a: no special abilities


You were on level 4 of the Dungeon.
You visited 1 branch of the dungeon, and saw 4 of its levels.

You collected 64 gold pieces.

Inventory:

Hand Weapons
 a - a +0 mace (weapon)
 i - a +2 vampiric whip
Missiles
 d - 7 darts of dispersal (quivered)
 f - 4 poisoned darts
Armour
 b - a +0 robe (worn)
Jewellery
 h - a ring of flight (left hand)
Wands
 l - a wand of polymorph (9)
Scrolls
 c - 4 scrolls of blinking
 e - 3 scrolls of identify {unknown}
 k - a scroll of teleportation {unknown}
Potions
 g - a potion of enlightenment {unknown}
 j - a potion of heal wounds {unknown}
 m - a potion of brilliance {unknown}
 n - a potion of resistance {unknown}
 o - 2 potions of curing {unknown}
 p - a potion of might {unknown}


   Skills:
 + Level 4.1 Fighting
 + Level 2.7 Maces & Flails
 - Level 1.0 Throwing
 - Level 2.1 Dodging
 - Level 2.4 Spellcasting
 + Level 3.3 Translocations


You had 5 spell levels left.
You knew the following spells:

 Your Spells              Type           Power      Damage    Failure   Level
a - Blink                 Tloc           24%        N/A       8%          2

Your spell library contained the following spells:

 Spells                   Type           Power      Damage    Failure   Level
 Lesser Beckoning         Tloc           24%        N/A       8%          2
 Momentum Strike          Conj/Tloc      14%        3d8       16%         2
 Teleport Other           Tloc           12%        N/A       16%         3
 Cigotuvi's Dreadful Rot  Necr/Pois/Air  2%         N/A       30%         2
 Manifold Assault         Tloc           12%        N/A       45%         4
 Ignite Poison            Fire/Tmut/Pois 1%         N/A       52%         3
 Vhi's Electric Charge    Tloc/Air       14%        N/A       69%         4
 Freezing Cloud           Conj/Ice/Air   0%         6-21      99%         5


Dungeon Overview and Level Annotations

Branches:
Dungeon (4/15)
 Temple: D:4-7

Altars:


Innate Abilities, Weirdness & Mutations

You are too large for most types of armour.
You have tough skin. (AC +1)


Message History

The phantom hits you.
* * * LOW HITPOINT WARNING * * *
The phantom blinks!
You blink.
The phantom hits you.
* * * LOW HITPOINT WARNING * * *
Casting: Blink (safe; 8% risk of failure)
Confirm with . or Enter, or press ? or * to list all spells.
You blink.
You feel ready to blink again.
You start resting.
A phantom is nearby!
The phantom attacks as it pursues you!
The phantom hits you but does no damage.
Casting: Blink (safe; 8% risk of failure)
Confirm with . or Enter, or press ? or * to list all spells.
You blink.
You feel ready to blink again. The phantom attacks as it pursues you!
The phantom barely misses you.
Casting: Blink (safe; 8% risk of failure)
Confirm with . or Enter, or press ? or * to list all spells.
You miscast Blink.
You are very lightly contaminated with residual magic.
Nothing appears to happen.
The phantom hits you.
The phantom blinks!
You blink.
You hit the phantom.
The phantom is lightly damaged.
The phantom closely misses you. The phantom hits you.
* * * LOW HITPOINT WARNING * * *
The phantom blinks!
You blink.
The phantom attacks as it pursues you! The phantom hits you.
* * * LOW HITPOINT WARNING * * *
Casting: Blink (safe; 8% risk of failure)
Confirm with . or Enter, or press ? or * to list all spells.
You blink.
The phantom hits you.
* * * LOW HITPOINT WARNING * * *
The phantom blinks!
You blink.
Your magical contamination has completely faded away.
You feel ready to blink again. The phantom hits you.
* * * LOW HITPOINT WARNING * * *
The phantom attacks as it pursues you! The phantom hits you.
You die...

#........#
.........###
#...<...####
#.#####....# #.#
####.# #.# #.### #.#
.######...######.#
........#........#
#######@.........#
..#......W.##......#
#.#........##......#
#
#.#........#######.#
..##.#........# #.#
..............# #.#
###..........# #.#
##.........# #.#
#.........# #.#


You could see a phantom.

Vanquished Creatures
  2 adders (D:2)
  A worm (D:2)
  A dart slug (D:1)
  4 bats
  4 endoplasms
  2 giant cockroaches
  3 goblins
  7 hobgoblins
  2 quokkas
  11 ball pythons
  5 frilled lizards
  9 kobolds
  4 rats
55 creatures vanquished.

Notes
Turn   | Place    | Note
-------+----------+-------------------------------------------
     0 | D:1      | grandjackal the Ogre Warper began the quest for the Orb.
     0 | D:1      | Reached XP level 1. HP: 22/22 MP: 3/3
    52 | D:1      | Reached skill level 3 in Fighting
    52 | D:1      | Reached XP level 2. HP: 29/31 MP: 5/5
   510 | D:1      | Reached XP level 3. HP: 33/37 MP: 6/6
   624 | D:1      | Learned a level 2 spell: Blink
  1055 | D:2      | Found a faded altar of an unknown god.
  1062 | D:2      | Reached XP level 4. HP: 46/48 MP: 7/7
  1067 | D:2      | Reached skill level 4 in Fighting
  1947 | D:4      | Noticed a phantom
  2019 | D:4      | Slain by a phantom

Illustrated notes

Levels and vault maps discovered:
D:1:      psy_arrival_dodecagon, layout_rooms, minmay_tiny_reverse_x
D:2:      layout_basic, nicolae_ecumenical_snake_handling
D:3:      layout_rooms, serial_corexii_hall, corexii_hall_statues_x,
          corexii_hall_statues_l, kennysheep_pointless_box, st_stairs_6,
          kennysheep_decorative_pillar
D:4:      layout_rooms, guppyfry_shop_venom

Skill      XL: |  1  2  3  4 |
---------------+-------------+-----
Maces & Flails | 2 |  2.7
Fighting       | 3 4 |  4.1
Translocations | 3 |  3.3
Throwing       | |  1.0
Dodging        | |  2.1
Spellcasting   | |  2.4

Action                     |  1- 3 |  4- 6 || total
---------------------------+-------+-------++-------
  Melee: Mace              |    56 |     7 ||    63
         Whip              |    56 |    46 ||   102
   Cast: Blink             |       |     3 ||     3
   Stab: Sleeping          |       |     2 ||     2
 Armour: Robe              |    87 |    45 ||   132
  Dodge: Dodged            |    50 |    19 ||    69

Table legend: (Time is in decaauts)
 A = Elapsed time spent in this place.
 B = Non-inter-level travel time spent in this place.
 C = Inter-level travel time spent in this place.
 D = Time resting spent in this place.
 E = Time spent auto-exploring this place.
 F = Levels seen in this place.
 G = Mean time per level.
                   A        B        C        D        E       F      G
               +--------+--------+--------+--------+--------+-----+--------+
         Total |   2032 |   1983 |     49 |    193 |   1376 |   4 |  508.0 |
       Dungeon |   2032 |   1983 |     49 |    193 |   1376 |   4 |  508.0 |
               +--------+--------+--------+--------+--------+-----+--------+

Top non-repeatable levels by time:
     D:1: 652 daAuts
     D:2: 627 daAuts
     D:3: 626 daAuts
     D:4: 125 daAuts
